AoeStats
← Grospoilu

Arabia

508705066Analyzed
1v1 RM · 9d ago on Sep 23, 2026· 53m 41s· 2 players
Game mode
Random Map
Map size
Tiny (2 player)
Population
200
Speed
Normal
Resources
Standard
Victory
Conquest
Starting age
Dark Age
Ending age
Imperial Age
RankedLock teamsTeams togetherTeam positionsShared explorationLock speedFull tech treeHidden civsTurbo modeCheats
Victory
Defeat
🇦🇷 Hindustanis · Argentina
1092
+18
🇫🇷 Ethiopians · France
1127
-18
3ms
9:34 Feudal Age
10:10 Double-Bit Axe
11:34 Horse Collar
11:58 Loom
14:58 Town Watch
16:00 Fletching
16:11 Padded Archer Armor
22:49 Castle Age
21:26 Stone Mining
23:27 Elite Skirmisher
25:04 Wheelbarrow
24:45 Bow Saw
24:40 Heavy Plow
31:34 Bloodlines
32:55 Forging
34:57 Iron Casting
35:22 Scale Mail Armor
35:27 Scale Barding Armor
44:47 Murder Holes
45:12 Ballistics
45:00 Husbandry
49:14 Imperial Age
46:23 Light Cavalry
50:00 Chain Barding Armor
49:36 Bodkin Arrow
49:56 Leather Archer Armor
50:11 Redemption
51:00 Block Printing
52:44 Thumb Ring
53:41 Blast Furnace
53:16 Plate Barding Armor
52:42 Bracer
55:13 Chemistry
Grospoilu
6:31 Loom
9:20 Feudal Age
11:51 Double-Bit Axe
14:57 Wheelbarrow
14:23 Fletching
15:47 Padded Archer Armor
20:57 Castle Age
21:03 Crossbowman
26:39 Husbandry
28:18 Scale Barding Armor
28:24 Forging
29:19 Bodkin Arrow
30:14 Thumb Ring
39:10 Iron Casting
38:36 Scale Mail Armor
43:03 Imperial Age
44:53 Chemistry
44:06 Arbalester
49:27 Bracer
Connection lost

Rejoining the realm…

Still unreachable

The connection could not be restored.

Session expired

The server has moved on; the page needs a fresh start.